 Dungeon Crawl Stone Soup version 0.22-a0-538-g76cc104 (webtiles) character file.

24 iamserjio the Charmwright (level 3, 1/27 HPs)
             Began as a Vine Stalker Skald on June 23, 2018.
             Quit the game on level 3 of the Dungeon.
             The game lasted 00:03:07 (275 turns).

iamserjio the Charmwright (Vine Stalker Skald)       Turns: 275, Time: 00:03:08

Health: 1/27       AC: 21    Str: 13    XL:     3   Next: 2%
Magic:  6/7        EV:  2    Int: 14    God:
Gold:   18         SH:  0    Dex: 13    Spells: 2/7 levels left

rFire    + . .     SeeInvis .   a - +0 spear
rCold    + . .     Gourm    .   (no shield)
rNeg     + + +     Faith    .   (armour currently unavailable)
rPois    +         Spirit   +   (helmet currently unavailable)
rElec    +         Reflect  .   (cloak currently unavailable)
rCorr    +         Harm     .   (gloves currently unavailable)
MR       .....     NoTele   +   (boots currently unavailable)
Stlth    +.........             (no amulet)
HPRegen  0.09/turn              (no ring)
MPRegen  0.10/turn              (no ring)

@: lethally poisoned (1 -> -21), tree-form, resistant, shrouded (expiring)
A: magic shield, no potion heal 3, rot immunity
a: no special abilities


You were on level 3 of the Dungeon.
You were not hungry.
You were a tree.
You visited 1 branch of the dungeon, and saw 4 of its levels.

You collected 18 gold pieces.

Inventory:

Hand Weapons
 a - a +0 spear (weapon)
Armour
 b - a +0 leather armour (melded)
Scrolls
 e - a scroll of teleportation {unknown}
 g - a scroll of immolation {unknown}
Comestibles
 d - 3 rations


   Skills:
 + Level 2.1 Fighting
 * Level 2.5 Polearms
 - Level 0.7 Armour
 - Level 1.5 Dodging
 + Level 2.5 Spellcasting
 - Level 3.0 Charms


You had 2 spell levels left.
You knew the following spells:

 Your Spells              Type           Power        Failure   Level  Hunger
a - Infusion              Chrm           ##..         7%          1    #......
b - Song of Slaying       Chrm           ##......     10%         2    ###....
c - Shroud of Golubria    Chrm/Tloc      #.........   19%         2    ###....

Your spell library contained the following spells:

 Spells                   Type           Power        Failure   Level  Hunger
 Regeneration             Chrm/Necr      #.........   36%         3    ###....
 Spectral Weapon          Hex/Chrm       #.......     36%         3    ###....


Dungeon Overview and Level Annotations

Branches:
Dungeon (4/15)
 Temple: D:4-7

Altars:

Annotations:
D:3 2 transporters, Amnesiac's ghost, weakling SpAK


Innate Abilities, Weirdness & Mutations

((You have extremely sharp teeth.))
When hurt, damage is shared between your health and your magic reserves.
((Your bite disrupts and absorbs the magic of your enemies.))
Potions cannot restore your health.
You are immune to rotting.


Message History

The kobold is heavily wounded.
* * * LOW HITPOINT WARNING * * *
You feel sick.
The kobold shoots a poisoned needle.
The poisoned needle hits you!
You are more poisoned.
Attack whom?
Press: ? - help, Dir - move target cursor, f/p - kobold
Aim: a kobold, wielding a blowgun (heavily wounded)
You reach to attack!
You barely miss the kobold.
The kobold is heavily wounded.
* * * LOW HITPOINT WARNING * * *
You feel sick.
The kobold shoots a poisoned needle.
The poisoned needle hits you!
You are more poisoned.
You aren't carrying any potions.
Casting: Shroud of Golubria (safe; 19% risk of failure)
Confirm with . or Enter, or press ? or * to list all spells.
Okay, then.
Okay, then.
Are you sure you want to abandon this character and quit the game? (Confirm with "yes".)

...## #...## #.
.....#.# .####
.......# ....#
##.###.# ... ##†#
... ##.# #K# ##'##
#.# #...## #♣#
.....## ### #(#
......## ###.###)#
.......###....##.#
.......+........(#
<......###....####
†.....## ##..##
.....## #.##
#...## #.#


You could see a kobold.

Vanquished Creatures
  An ooze (D:3)
  A worm (D:3)
  A dart slug (D:1)
  An orc (D:2)
  3 bats
  A quokka (D:2)
  A frilled lizard (D:3)
  2 goblins
  4 kobolds
  A rat (D:1)
16 creatures vanquished.

Notes
Turn   | Place    | Note
-------+----------+-------------------------------------------
     0 | D:1      | iamserjio the Vine Stalker Skald began the quest for the Orb.
     0 | D:1      | Reached XP level 1. HP: 11/11 MP: 4/4
     0 | D:1      | Noticed a vampire
     0 | D:1      | Noticed a centaur
     1 | D:1      | Noticed a draconian
     3 | D:1      | Noticed a spriggan
     3 | D:1      | Noticed a spriggan
     5 | D:1      | Noticed a felid
     6 | D:1      | Noticed a draconian
    13 | D:1      | Noticed a minotaur
    14 | D:1      | Noticed an elf
    14 | D:1      | Noticed a formicid
    16 | D:1      | Noticed an ogre
    16 | D:1      | Noticed an octopode
    56 | D:3      | Noticed an orc wizard
    56 | D:3      | Noticed an orc wizard
   102 | D:1      | Reached XP level 2. HP: 15/15 MP: 1/6
   159 | D:3      | Learned a level 2 spell: Song of Slaying
   162 | D:3      | Learned a level 2 spell: Shroud of Golubria
   164 | D:3      | Noticed Amnesiac's ghost (weakling SpAK)
   165 | D:3      | Found a transporter.
   187 | D:3      | Found a transporter.
   199 | D:4      | Noticed a wight
   199 | D:4      | Noticed a wight
   200 | D:4      | Noticed a wight
   200 | D:4      | Noticed a wight
   250 | D:3      | Reached XP level 3. HP: 3/18 MP: 7/7
   274 | D:3      | HP: 1/27 [poisoned by a kobold]
   275 | D:3      | Quit the game

Vault maps used:
D:1:      shiori_arrival_whats_in_store_for_you
D:2:      cheibrodos_old_hovel, grunt_temple_overflow_gold_and_silver,
          nicolae_dithmenos_through_a_glass_darkly
D:3:      lightli_temple_of_fire, gammafunk_ghost_mausoleum, uniq_grinder,
          uniq_natasha
D:4:      minmay_temple_entry_glassed_door, first_ration

Skill      XL: |  1 |
---------------+----+-----
Polearms       | 2 |  2.5
Fighting       | 2 |  2.1
Armour         | |  0.7
Dodging        | |  1.5
Spellcasting   | |  2.5
Charms         | |  3.0

Action                   || total
-------------------------++-------
Melee: Spear             ||    45
       Bite              ||    10
 Cast: Infusion          ||     4
       Shroud of Golubri ||     1
  Use: Potion            ||     3
Armor: Leather armour    ||     7
Dodge: Dodged            ||    15

Table legend:
 A = Spawn XP
 B = Non-spawn XP
 C = Spawn XP percentage of total XP
 D = Spawn monster count
 E = Non-spawn monster count
 F = Spawn count percentage of total count
 G = Total turns spent on level
                    A         B        C        D         E        F      G
               +---------+---------+-------+---------+---------+-------+---------
         Total |       0 |      35 |   0.0 |       0 |      16 |   0.0 |   275
               +---------+---------+-------+---------+---------+-------+---------
           D:1 |       0 |       8 |   0.0 |       0 |       5 |   0.0 |    52
           D:2 |       0 |       9 |   0.0 |       0 |       4 |   0.0 |    80
           D:3 |       0 |      18 |   0.0 |       0 |       7 |   0.0 |   136
               +---------+---------+-------+---------+---------+-------+---------
